 Dungeon Crawl Stone Soup version 0.28-a0-723-g095bd1b44f (webtiles) character file.

Game seed: 12600476543932869999

6538 lunkers the Thaumaturge (level 11, -3/85 HPs)
             Began as a Djinni Cinder Acolyte on Oct 24, 2021.
             Was a High Priest of Ignis.
             Slain by an orc warrior (19 damage)
             ... on level 8 of the Dungeon on Oct 25, 2021.
             The game lasted 00:15:27 (7175 turns).

lunkers the Thaumaturge (Djinni Cinder Acolyte)     Turns: 7175, Time: 00:15:27

Health: -3/85      AC:  8    Str: 13    XL:     11   Next: 20%
Gold:   466        EV: 10    Int: 20    God:    Ignis [*****.] SH:  7 Dex:  8

rFire   + + .      SeeInvis .   m - +7 whip "Vitrar" {vorpal, rN+}
rCold   + . .      Faith    .   v - +0 buckler
rNeg    + . .      Spirit   .   i - +3 leather armour {rPois}
rPois   ∞          Reflect  +   b - +0 helmet
rElec   .          Harm     .   l - +0 cloak
rCorr   +          Rampage  .   (no gloves)
Will    +....                   (boots unavailable)
Stlth   +.........              f - amulet "Esadgh" {Reflect Regen+ rCorr SH+5}
HPRegen 1.24/turn               j - ring of ice
MPRegen 0.00/turn               x - ring of protection from cold

@: flying
A: sickness immunity, fire resistance 2, cold vulnerability 1, float, innate
caster, hp casting, extra vitality 1
a: Renounce Religion, Sea of Fire, Foxfire Swarm, Rising Flame


You were on level 8 of the Dungeon.
You worshipped Ignis.
Ignis was extremely pleased with you.
You visited 1 branch of the dungeon, and saw 9 of its levels.

You collected 529 gold pieces.
You spent 63 gold pieces at shops.

Inventory:

Hand Weapons
 a - a +0 short sword of flaming
 m - the +7 whip "Vitrar" (weapon) {vorpal, rN+}
   (You took it off a kobold on level 5 of the Dungeon)

   It inflicts extra damage upon your enemies.
   rN:        It protects you from negative energy.
 y - a +1 short sword of flaming
Missiles
 n - 3 curare-tipped darts
Armour
 b - a +0 helmet (worn)
 i - a +3 leather armour of poison resistance (worn)
 l - a +0 cloak (worn)
 v - a +0 buckler (worn)
Jewellery
 f - the amulet "Esadgh" (around neck) {Reflect Regen+ rCorr SH+5}
   (You acquired it on level 4 of the Dungeon)

   [amulet of reflection]

   It reflects blocked missile attacks.
   Regen:     It increases your rate of health regeneration.
   rCorr:     It protects you from acid and corrosion.
   SH:        It affects your SH (+5).
 j - a ring of ice (left hand)
 k - a ring of fire
 x - a ring of protection from cold (right hand)
Wands
 g - a wand of flame (35)
 o - a wand of digging (8)
 r - a wand of polymorph (6)
 w - a wand of acid (9)
 A - a wand of paralysis (11)
 B - a wand of iceblast (9)
Scrolls
 c - 2 scrolls of enchant armour {unknown}
 p - a scroll of fog {unknown}
 q - 4 scrolls of identify
 t - 2 scrolls of amnesia {unknown}
 z - 2 scrolls of blinking {unknown}
Potions
 d - 2 potions of mutation
 e - 3 potions of curing
 h - 3 potions of brilliance
 s - a potion of heal wounds
 u - a potion of flight {unknown}
 C - 2 potions of haste {unknown}


   Skills:
 + Level 10.0 Fighting
 - Level 2.6 Short Blades
 * Level 10.7 Spellcasting


You had 15 spell levels left.
You knew the following spells:

 Your Spells              Type           Power      Damage    Failure   Level
a - Animate Skeleton      Necr           100%       N/A       1%          1
b - Wereblood             Tmut           52%        N/A       1%          2
c - Inner Flame           Hex/Fire       52%        N/A       1%          3
d - Dazzling Flash        Conj/Hex       100%       N/A       1%          3
e - Blade Hands           Tmut           26%        N/A       4%          5
p - Scorch                Fire           100%       2d10      1%          2
Your spell library was empty.

Dungeon Overview and Level Annotations

Branches:
Dungeon (9/15)             Temple (0/1) D:5            Lair (0/6) D:9
    Orc: D:9-12

Altars:
Ashenzari
Dithmenos
Gozag
Kikubaaqudgha
Nemelex Xobeh
Ru
Trog
Wu Jian

Shops:
D:8 [   D:9 *


Innate Abilities, Weirdness & Mutations

You are immune to sickness and miasma.
You are immune to poison.
Your flesh is very heat resistant. (rF++)
You are vulnerable to cold. (rC-)
You float through the air rather than walking.
You learn spells naturally, not from books.
Your magical power is your life essence.
You have superior vitality. (+4 HP)


Message History

Unknown command.
Casting: Scorch (safe; 1% risk of failure)
Press: ? - help, Q - select action, (/) - cycle Dir - look around, f - activate Flames lash the orc warrior.
The orc warrior is moderately wounded.
The orc warrior's fire resistance burns away.
The orc warrior barely misses you.
The orc warrior hits you with a +0 battleaxe.
The orc warrior cheers loudly.
The orc warrior hits you with a +0 dire flail!
Unknown command.
Unknown command.
Casting: Scorch (safe; 1% risk of failure)
Press: ? - help, Q - select action, (/) - cycle Dir - look around, f - activate Flames lash the orc warrior.
The orc warrior is lightly wounded.
The orc warrior is no longer more vulnerable to fire.
The orc warrior hits you with a +2 dire flail of draining!
* * * LOW HITPOINT WARNING * * *
The orc warrior barely misses you. The orc warrior misses you.
Unknown command.
Okay, then.
Casting: Scorch (safe; 1% risk of failure)
Confirm with . or Enter, or press ? or * to list all spells.
Okay, then.
Okay, then.
Casting: Scorch (safe; 1% risk of failure)
Confirm with . or Enter, or press ? or * to list all spells.
Okay, then.
Casting: Scorch (safe; 1% risk of failure)
Confirm with . or Enter, or press ? or * to list all spells.
Casting: Dazzling Flash (safe; 1% risk of failure)
Press: ? - help, Dir - look around, f - activate The orc warrior is dazzled.
* * * LOW HITPOINT WARNING * * *
The orc warrior hits you with a +2 dire flail of draining!!
* * * LOW HITPOINT WARNING * * *
The orc warrior closely misses you.
The orc warrior hits you with a +0 dire flail!!
You die...

##### #...# ######...#
#....#...# #.##.#...#
##### ###.##.#...# #...#
..#.##....<#####o#.#
...........+...o@#.#######
...........####o##.##....#
#................#.##.##.#
###.#.#..######..#.##.##.#
# #...##.........#.......#
########..#####.######.###
.# #..............##.# .#
#.##.#####.##.....#
.#####.##..# #.....####


You could see 3 orc warriors.

Vanquished Creatures
  Pikel (D:5)
  An elephant (D:9)
  10 yaks
  A wraith (D:9)
  Eustachio (D:6)
  A basilisk (D:9)
  A wyvern (D:9)
  An acid dragon (D:9)
  2 water moccasins
  A black bear (D:9)
  3 orc warriors
  2 sky beasts
  2 ice beasts
  2 ogres
  2 centaurs
  A lemure (D:5)
  7 kobold brigands
  A gnoll sergeant (D:8)
  3 scorpions (D:4)
  Blork the orc (D:6)
  2 bullfrogs
  A water moccasin skeleton (D:4)
  9 wights (D:7)
  A howler monkey (D:6)
  3 centaur zombies
  A gnoll shaman (D:8)
  4 hounds
  2 bullfrog skeletons (D:7)
  2 orc priests
  A scorpion zombie (D:5)
  Ijyb (D:4)
  6 iguanas
  4 orc wizards
  14 gnolls
  2 howler monkey skeletons (D:7)
  8 adders
  A shadow imp (D:8)
  3 white imps
  2 worms
  2 dart slugs
  23 orcs
  5 ball pythons
  6 bats
  6 endoplasms
  2 giant cockroaches
  8 goblins
  8 hobgoblins
  A quokka (D:4)
  3 frilled lizards
  43 kobolds
  9 rats
227 creatures vanquished.

Vanquished Creatures (others)
  A fungus (D:9)
1 creature vanquished.

Grand Total: 228 creatures vanquished

Notes
Turn   | Place    | Note
-------+----------+-------------------------------------------
     0 | D:1      | lunkers the Djinni Cinder Acolyte began the quest for the
                  | Orb.
     0 | D:1      | Reached XP level 1. HP: 20/20 MP: 0/0
   135 | D:1      | Reached XP level 2. HP: 23/25 MP: 0/0
   514 | D:1      | You are sucked into a shaft and drop 1 floor!
   522 | D:2      | Reached XP level 3. HP: 26/30 MP: 0/0
   522 | D:2      | Learned a level 1 spell: Animate Skeleton
   770 | D:1      | You are sucked into a shaft and drop 1 floor!
   984 | D:2      | Upgraded the game from 0.28-a0-697-g47f3eba078 to
                  | 0.28-a0-723-g095bd1b44f
  1456 | D:2      | Reached XP level 4. HP: 28/35 MP: 0/0
  1916 | D:2      | Found a faded altar of an unknown god.
  2154 | D:3      | Reached XP level 5. HP: 19/41 MP: 0/0
  2154 | D:3      | Learned a level 2 spell: Wereblood
  2376 | D:3      | HP: 2/41 [orc priest (6)]
  2384 | D:3      | Reached XP level 6. HP: 7/48 MP: 0/0
  2811 | D:4      | Found a bloodstained altar of Trog.
  2813 | D:4      | Found a sacrificial altar of Ru.
  2816 | D:4      | Found a sparkling altar of Nemelex Xobeh.
  2816 | D:4      | Found a shadowy altar of Dithmenos.
  2889 | D:4      | Reached XP level 7. HP: 52/53 MP: 0/0
  2889 | D:4      | Learned a level 3 spell: Inner Flame
  3006 | D:4      | Identified a scroll of acquirement
  3006 | D:4      | Acquired the amulet "Esadgh" {Reflect Regen+ rCorr SH+5}
  3038 | D:4      | Reached skill level 5 in Fighting
  3038 | D:4      | Reached skill level 5 in Spellcasting
  3340 | D:5      | Entered Level 5 of the Dungeon
  3340 | D:5      | Noticed Ijyb
  3344 | D:5      | Noticed a water moccasin
  3356 | D:4      | Killed Ijyb
  3390 | D:5      | Found an opulent altar of Gozag.
  3500 | D:5      | Reached XP level 8. HP: 47/60 MP: 0/0
  3708 | D:5      | Identified the +7 whip "Vitrar" {vorpal, rN+}
  3789 | D:5      | Found a staircase to the Ecumenical Temple.
  3903 | D:5      | Noticed Pikel
  3914 | D:5      | Killed Pikel
  3915 | D:5      | Reached XP level 9. HP: 48/67 MP: 0/0
  3915 | D:5      | Learned a level 3 spell: Dazzling Flash
  4156 | D:6      | Noticed Eustachio
  4160 | D:6      | Killed Eustachio
  4342 | D:6      | Noticed Blork the orc
  4347 | D:6      | Killed Blork the orc
  4676 | D:6      | Found a broken altar of Ashenzari.
  4677 | D:6      | Found an ornate altar of the Wu Jian Council.
  4850 | D:7      | Reached XP level 10. HP: 74/76 MP: 0/0
  5537 | D:7      | You are sucked into a shaft and drop 1 floor!
  5626 | D:8      | Found Olawnil's Armour Shop.
  5635 | D:8      | Bought a +0 buckler for 63 gold pieces
  5912 | D:8      | Reached skill level 10 in Spellcasting
  6662 | D:9      | Found Mousuic's Mass Market.
  6884 | D:9      | Reached XP level 11. HP: 66/84 MP: 0/0
  6884 | D:9      | Learned a level 5 spell: Blade Hands
  6952 | D:9      | Noticed an elephant
  6975 | D:9      | Killed an elephant
  7043 | D:9      | Found a staircase to the Lair.
  7153 | D:8      | Reached skill level 10 in Fighting
  7175 | D:8      | Slain by an orc warrior

Illustrated notes

Levels and vault maps discovered:
D:1:      minmay_arrival_wavy_path, layout_loops_ring, minmay_split_cup_small
D:2:      layout_basic, hellmonk_ecumenical_altar_lost_god,
          minmay_quadrilaterals
D:3:      layout_rooms, minmay_misc_feat_iff, kennysheep_generic_room_14
D:4:      layout_cave_pools, grunt_temple_overflow_open
D:5:      cheibrodos_thug_alley, layout_basic, kennysheep_little_box,
          minmay_temple_entry_proselytizer, uniq_ijyb, uniq_pikel
D:6:      layout_basic, gammafunk_temple_overflow_pools, minmay_circle_x,
          uniq_eustachio, uniq_blork_the_orc
D:7:      layout_basic, serial_park_tiny_1
D:8:      layout_basic, kiku_gazebo_garden_becter, serial_shops, shop
D:9:      layout_long_grid, david_lair_generic, special_room [special_room_orc],
          nicolae_wand_duel, minivault_24, minmay_shop_mass

Skill      XL: |  1  2  3  4  5  6  7  8  9 10 11 |
---------------+----------------------------------+-----
Spellcasting   | 3 4 5 7 8 10 | 10.7
Fighting       | 4 5 6 8 9 10 | 10.0
Short Blades   | |  2.6

Action                   |  1- 3 |  4- 6 |  7- 9 | 10-12 || total
-------------------------+-------+-------+-------+-------++-------
Melee: Short sword       |    21 |       |       |       ||    21
 Cast: Scorch            |    31 |    85 |   165 |   225 ||   506
       Dazzling Flash    |       |       |       |     1 ||     1
  Use: Potion            |       |     3 |       |       ||     3
       Scroll            |       |     5 |     8 |       ||    13
Armor: Robe              |     3 |     2 |     1 |       ||     6
       Leather armour    |       |       |    29 |    16 ||    45
Dodge: Dodged            |    16 |    25 |    37 |    41 ||   119
Block: Other             |       |       |    17 |     4 ||    21
       Reflection        |       |       |     2 |     2 ||     4
       Buckler           |       |       |       |    17 ||    17

Table legend: (Time is in decaauts)
 A = Elapsed time spent in this place.
 B = Non-inter-level travel time spent in this place.
 C = Inter-level travel time spent in this place.
 D = Time resting spent in this place.
 E = Time spent auto-exploring this place.
 F = Levels seen in this place.
 G = Mean time per level.
                   A        B        C        D        E       F      G
               +--------+--------+--------+--------+--------+-----+--------+
         Total |   7187 |   7041 |    146 |     86 |   5628 |   9 |  798.6 |
       Dungeon |   7187 |   7041 |    146 |     86 |   5628 |   9 |  798.6 |
               +--------+--------+--------+--------+--------+-----+--------+

Top non-repeatable levels by time:
     D:2: 1357 daAuts
     D:9: 847 daAuts
     D:8: 802 daAuts
     D:1: 760 daAuts
     D:6: 751 daAuts
     D:7: 721 daAuts
     D:5: 691 daAuts
     D:3: 677 daAuts
     D:4: 577 daAuts
